 Dungeon Crawl Stone Soup version 0.29.1-1-gd02db6906a (webtiles) character file.

Game seed: 4793021462254127399

77 hikkokomori the Gusty (level 4, 0/26 HPs)
             Began as a Tengu Air Elementalist on Oct 11, 2022.
             Succumbed to an orc wizard's poison
             ... on level 3 of the Dungeon.
             The game lasted 00:05:10 (2176 turns).

hikkokomori the Gusty (Tengu Air Elementalist)      Turns: 2176, Time: 00:05:10

Health: 0/26       AC:  4    Str:  9    XL:     4   Next: 34%
Magic:  4/8        EV: 12    Int: 17    God:
Gold:   110        SH:  0    Dex: 14    Spells: 4/7 levels left

rFire   . . .      SeeInvis .   s - +2 mace (protect)
rCold   . . .      Faith    .   (no shield)
rNeg    . . .      Spirit   .   a - +0 robe
rPois   .          Reflect  .   (helmet restricted)
rElec   .          Harm     .   p - +1 cloak
rCorr   .          Rampage  .   (no gloves)
Will    .....                   (boots unavailable)
Stlth   ++........              (no amulet)
HPRegen 0.08/turn               (no ring)
MPRegen 0.11/turn               (no ring)

@: lethally poisoned (0 -> -12), very slightly contaminated
A: beak, talons 3
a: no special abilities


You were on level 3 of the Dungeon.
You visited 1 branch of the dungeon, and saw 3 of its levels.

You collected 110 gold pieces.

Inventory:

Hand Weapons
 d - a +1 short sword
 s - a +2 mace of protection (weapon)
Armour
 a - a +0 robe (worn)
 f - a +0 ring mail
 n - a +0 buckler
 p - a +1 cloak (worn)
 r - a +0 pair of gloves
Jewellery
 j - an amulet of guardian spirit
Scrolls
 e - a scroll of enchant weapon
 i - a scroll of silence {unknown}
 k - a scroll of identify {unknown}
 l - a scroll of enchant armour
 q - a scroll of torment {unknown}
 t - a scroll of noise {unknown}
 u - a scroll of blinking {unknown}
Potions
 b - a potion of magic
 c - a potion of lignification {unknown}
 g - 2 potions of degeneration {unknown}
 h - a potion of resistance {unknown}
 m - 2 potions of brilliance {unknown}
 o - a potion of curing {unknown}


   Skills:
 + Level 2.0 Fighting
 - Level 2.1 Dodging
 - Level 2.0 Stealth
 - Level 2.0 Spellcasting
 + Level 3.2 Conjurations
 + Level 5.0 Air Magic


You had 4 spell levels left.
You knew the following spells:

 Your Spells              Type           Power      Damage    Failure   Level
a - Shock                 Conj/Air       60%        1d6       3%          1
b - Static Discharge      Conj/Air       15%        3-5/arc   5%          2

Your spell library contained the following spells:

 Spells                   Type           Power      Damage    Failure   Level
 Swiftness                Air            18%        N/A       8%          3
 Airstrike                Air            9%         2d(2-18)  24%         4
 Summon Lightning Spire   Summ/Air       10%        N/A       56%         4
 Lightning Bolt           Conj/Air       7%         1d20      69%         5


Dungeon Overview and Level Annotations

Branches:
Dungeon (3/15)

Altars:


Innate Abilities, Weirdness & Mutations

You have a beak for a mouth.
You have claws for feet.


Message History

Casting: Shock (safe; 3% risk of failure)
Confirm with . or Enter, or press ? or * to list all spells.
Aiming: Shock (safe; 3% risk of failure)
Press: ? - help, Shift-Dir - straight line, f/p - orc
Aim: an orc, wielding a +0 short sword and wearing a +0 leather armour (71% to hit)
You miscast Shock.
You are very lightly contaminated with residual magic.
Nothing appears to happen.
You feel very sick.
The orc wizard gestures wildly while chanting.
The orc wizard flickers and vanishes!
Deactivating autopickup; reactivate with Ctrl-A.
Unknown command.
Casting: Shock (safe; 3% risk of failure)
Confirm with . or Enter, or press ? or * to list all spells.
Aiming: Shock (safe; 3% risk of failure)
Press: ? - help, Shift-Dir - straight line, f/p - orc
Aim: an orc, wielding a +0 short sword and wearing a +0 leather armour (71% to hit)
The zap hits the orc.
You kill the orc!
The zap hits something.
The zap hits the orc but does no damage.
You feel very sick.
Unknown command.
Casting: Shock (safe; 3% risk of failure)
Confirm with . or Enter, or press ? or * to list all spells.
Aiming: Shock (safe; 3% risk of failure)
Press: ? - help, Shift-Dir - straight line, f/p - orc
Aim: an orc, wielding a +0 short sword and wearing a +0 leather armour (71% to hit)
The zap hits something.
The zap hits the orc.
The orc is lightly wounded.
You feel sick. Something hits you but does no damage.
You miss something. Your kick misses something.
* * * LOW HITPOINT WARNING * * *
You feel very sick. Something hits you.
* * * LOW HITPOINT WARNING * * *
You are more poisoned.
You completely miss something.
You die...

#####..###..#
##......#
##..##.#
#.>.# ###.#
#.#### #.#..#
#....# ###@##
#)# #o# #.#
#.# #.# #..
###


You could see an orc.

Vanquished Creatures
  4 dart slugs (D:2)
  3 orcs (D:3)
  7 bats
  3 endoplasms
  4 giant cockroaches
  4 hobgoblins
  4 jackals (D:2)
  7 kobolds
  4 quokkas
  3 ball pythons
  5 frilled lizards
  6 goblins
  7 rats
61 creatures vanquished.

Notes
Turn   | Place    | Note
-------+----------+-------------------------------------------
     0 | D:1      | hikkokomori the Tengu Air Elementalist began the quest for
                  | the Orb.
     0 | D:1      | Reached XP level 1. HP: 10/10 MP: 4/4
   122 | D:1      | Reached XP level 2. HP: 16/16 MP: 4/6
   182 | D:1      | Reached skill level 1 in Fighting
   731 | D:1      | Learned a level 2 spell: Static Discharge
   910 | D:1      | Reached XP level 3. HP: 20/20 MP: 4/7
  1550 | D:2      | Found a faded altar of an unknown god.
  1663 | D:2      | Reached XP level 4. HP: 23/26 MP: 4/8
  2008 | D:3      | Reached skill level 5 in Air Magic
  2176 | D:3      | Succumbed to an orc wizard's poison

Illustrated notes

Levels and vault maps discovered:
D:1:      lightli_iron_boxes, layout_loops_ring, minmay_misc_feat_enclosed,
          minmay_tetromino_o2
D:2:      minmay_alternating_diamond, layout_rooms,
          hellmonk_ecumenical_altar_lost_god
D:3:      corexii_shack_village, layout_basic, overflow_temple_1_default,
          chequers_serial_rivers_room_a, minmay_between

Skill      XL: |  1  2  3  4 |
---------------+-------------+-----
Conjurations   | 2 3 |  3.2
Fighting       | 1 2 |  2.0
Air Magic      | 5 |  5.0
Dodging        | |  2.1
Stealth        | |  2.0
Spellcasting   | |  2.0

Action                   |  1- 3 |  4- 6 || total
-------------------------+-------+-------++-------
Melee: Short sword       |    55 |     4 ||    59
       Unarmed           |     2 |       ||     2
       Peck              |     6 |       ||     6
       Kick              |    12 |     4 ||    16
       Mace              |       |    15 ||    15
       Punch             |       |     2 ||     2
 Cast: Shock             |    43 |    11 ||    54
  Use: Scroll            |       |     2 ||     2
 Stab: Sleeping          |     3 |     3 ||     6
Armor: Robe              |    12 |    13 ||    25
Dodge: Dodged            |    55 |    14 ||    69
